 Dungeon Crawl Stone Soup version 0.27.0-66-gdc8fb28755 (webtiles) character file.

Game seed: 16455485153968349005

10 Malachi the Digger (level 2, 20/22 HPs)
             Began as a Deep Dwarf Earth Elementalist on Aug 20, 2021.
             Got out of the dungeon alive.
             The game lasted 00:00:28 (313 turns).

Malachi the Digger (Deep Dwarf Earth Elementalist)   Turns: 313, Time: 00:00:29

Health: 20/22      AC:  2    Str: 11    XL:     2   Next: 10%
Magic:  4/4        EV: 12    Int: 15    God:
Gold:   9          SH:  0    Dex: 13    Spells: 3/4 levels left

rFire    . . .     SeeInvis .   d - +0 flail
rCold    . . .     Faith    .   (no shield)
rNeg     . . .     Spirit   .   b - +0 robe
rPois    .         Reflect  .   (no helmet)
rElec    .         Harm     .   (no cloak)
rCorr    .         Rampage  .   (no gloves)
Will     .....                  (no boots)
Stlth    ++........             (no amulet)
HPRegen  0.00/turn              (no ring)
MPRegen  0.09/turn              (no ring)

@: no status effects
A: damage resistance, heal wounds, sense surroundings 1, no regeneration
a: Heal Wounds


You escaped.
You visited 1 branch of the dungeon, and saw 1 of its levels.

You collected 9 gold pieces.

Inventory:

Hand Weapons
 d - a +0 flail (weapon)
Missiles
 c - 66 stones
Armour
 b - a +0 robe (worn)
Scrolls
 a - a scroll of summoning {unknown}
 g - a scroll of blinking {unknown}
 h - a scroll of teleportation {unknown}
Potions
 e - a potion of attraction {unknown}
 f - a potion of might {unknown}


   Skills:
 + Level 2.3 Dodging
 + Level 2.6 Stealth
 + Level 1.7 Spellcasting
 + Level 0.8 Transmutations
 + Level 4.6 Earth Magic


You had 3 spell levels left.
You knew the following spells:

 Your Spells              Type           Power      Damage    Failure   Level
a - Sandblast             Erth           30%        2d9       3%          1

Your spell library contained the following spells:

 Spells                   Type           Power      Damage    Failure   Level
 Passwall                 Tmut/Erth      7%         N/A       11%         2
 Stone Arrow              Conj/Erth      16%        3d8       26%         3
 Petrify                  Tmut/Erth      9%         N/A       58%         4


Dungeon Overview and Level Annotations

Branches:
Dungeon (1/15)

Altars:


Innate Abilities, Weirdness & Mutations

You are resistant to damage.
You can heal yourself by infusing magical energy.
You passively map a small area around you.
You do not regenerate.


Message History

An endoplasm comes into view.
An endoplasm is nearby!
An endoplasm is nearby!
An endoplasm is nearby!
Found 12 gold pieces.
Casting: Sandblast (safe; 3% risk of failure)
Confirm with . or Enter, or press ? or * to list all spells.
Aiming: Sandblast (safe; 3% risk of failure)
Press: ? - help, Shift-Dir - straight line, f - endoplasm
Aim: an endoplasm (asleep, 100% to hit)
The blast of sand hits the endoplasm.
You kill the endoplasm!
Found a stone staircase leading down.
Found a stone staircase leading down.
Found 24 arrows.
A kobold comes into view. It is wielding a +0 dagger.
The kobold shouts!
You see here a scroll labelled KUPOJ UWNI.
A kobold is nearby!
A kobold is nearby!
An endoplasm comes into view.
You hit the endoplasm.
The endoplasm is heavily wounded.
The endoplasm hits you but does no damage.
You sock the endoplasm!
You kill the endoplasm!
You have reached level 2!
Unknown command.
Casting: Sandblast (safe; 3% risk of failure)
Confirm with . or Enter, or press ? or * to list all spells.
Aiming: Sandblast (safe; 3% risk of failure)
Press: ? - help, Shift-Dir - straight line, f - kobold
Aim: a kobold, wielding a +0 dagger (74% to hit)
The blast of sand hits the kobold!
You kill the kobold!
Unknown command.
h - a scroll labelled KUPOJ UWNI
There is a staircase leading out of the dungeon here.
Are you sure you want to leave the Dungeon?
This will make you lose the game!
You have escaped!

#####.≈≈≈≈.≈≈≈≈.#.#*
#...#.≈≈≈≈.≈≈≈≈.#.#
#.....≈≈≈≈.≈≈≈≈...#
#...#.≈≈≈≈.≈≈≈≈...##* ,
#####.##.≈≈≈≈.≈≈≈≈..... ,
#........≈≈≈≈.≈≈≈≈..######.
*
#.###.##.P≈≈...≈≈P.........
#.# #.#)............######.
#.# #........@......# #.#
###.............# ##.##
#..P≈≈...≈≈P..# ##...##
#..≈≈≈≈.≈≈≈≈..# *
##.#.#.####.≈≈≈≈.≈≈≈≈.## ,
#.#..##.# #.≈≈≈≈.≈≈≈≈.# ,
##..##.####.≈≈≈≈.≈≈≈≈.#
##.#.## #..≈≈≈≈.≈≈≈≈.#
#..## #..≈≈≈≈.≈≈≈≈.# ,


There were no monsters in sight!

Vanquished Creatures
  A dart slug (D:1)
  3 endoplasms (D:1)
  A goblin (D:1)
  A kobold (D:1)
  A rat (D:1)
7 creatures vanquished.

Notes
Turn   | Place    | Note
-------+----------+-------------------------------------------
     0 | D:1      | Malachi the Deep Dwarf Earth Elementalist began the quest
                  | for the Orb.
     0 | D:1      | Reached XP level 1. HP: 15/15 MP: 3/3
   252 | D:1      | Reached XP level 2. HP: 20/22 MP: 4/4
   313 | D:$      | Got out of the dungeon alive.

Illustrated notes

Levels and vault maps discovered:
D:1:      giann_bridges, layout_loops_ring, corexii_item_surrounded_by_moat

Action                   || total
-------------------------++-------
Melee: Flail             ||     4
 Cast: Sandblast         ||     6
Armor: Robe              ||     1
Dodge: Dodged            ||     2
